RedWings vs Oilers

Created - November-27-14 at 17:35

Goals
1 2 3 T
RedWings 2 0 1 3
Oilers 0 1 1 2
Shots
1 2 3 T
RedWings 12 5 6 23
Oilers 9 14 6 29

1st period

1. RedWings , Loui Eriksson 7 (Ondrej Palat, Mark Fraser) at 7:07
2. RedWings , Alexandre Burrows 6 (Loui Eriksson, Joe Thornton) at 11:16 (PP)

Penalties :
Nikolai Kulemin (EDM) for Tripping (Minor) at 10:25, Tuomo Ruutu (DET) for Hooking (Minor) at 11:47, Mark Fraser (DET) for Hooking (Minor) at 12:04

2nd period

3. Oilers , Dennis Wideman 8 (Justin Williams, Mats Zuccarello) at 6:42 (PP)

Penalties :
Mark Fraser (DET) for Holding (Minor) at 4:58, Eric Brewer (DET) for Hooking (Minor) at 11:58, Alexandre Burrows (DET) for Tripping (Minor) at 18:06

3rd period

4. Oilers , Dainius Zubrus 9 (Dennis Wideman, Charlie Coyle) at 5:21 (PP)
5. RedWings , Jake Gardiner 5 (Tuomo Ruutu, Mark Arcobello) at 13:04 (PP)

Penalties :
Alexandre Burrows (DET) for Hooking (Minor) at 1:45, Ondrej Palat (DET) for High sticking (Minor) at 4:58, Ondrej Palat (DET) for Boarding (Minor) at 8:28, Jake Muzzin (EDM) for Boarding (Minor) at 12:08, Nikolai Kulemin (EDM) for High sticking (Minor) at 16:55

Goalie Stats

Roberto Luongo (DET), 27 saves from 29 shots - (0.931), W, 8-5-3, 60:00 minutes
Kari Lehtonen (EDM), 20 saves from 23 shots - (0.870), L, 10-8-1, 60:00 minutes

Players Stats for RedWings

Player Name              G  A  P  +/- PIM S  H  SB GA TA FO     MP     PP MP  PK MP  
------------------------------------------------------------------------------------
Alexandre Burrows        1  0  1   0  4   2  4  0  0  0  2/3    15:04   2:04   1:55 
Andrew Cogliano          0  0  0   0  0   0  0  0  0  0  0/0     0:00   0:00   0:00 
Eric Brewer              0  0  0   0  2   0  1  1  0  0  0/0    23:23   1:47   5:07 
Erik Haula               0  0  0   0  0   0  0  0  0  0  0/0     0:00   0:00   0:00 
Hal Gill                 0  0  0   0  0   2  1  0  0  0  0/0    12:09   0:00   0:25 
Jake Gardiner            1  0  1   0  0   2  0  2  0  0  0/0    25:41   1:59   7:04 
Joe Thornton             0  1  1   0  0   0  0  1  0  0  12/25  21:10   2:04   7:12 
Kevin Connauton          0  0  0   1  0   2  0  0  0  0  0/0    10:03   0:00   2:13 
Loui Eriksson            1  1  2   1  0   6  0  0  0  0  3/6    19:23   2:04   1:20 
Mark Arcobello           0  1  1   0  0   0  1  0  0  0  4/12   12:49   1:42   0:00 
Mark Fraser              0  1  1   1  4   0  3  1  0  0  0/0    21:57   2:10   4:07 
Ondrej Palat             0  1  1   1  4   1  4  0  0  0  0/1    15:35   0:00   0:00 
Paul Martin              0  0  0   0  0   3  1  3  0  0  0/0    26:44   1:36   5:41 
Sam Gagner               0  0  0   1  0   0  0  0  0  0  11/22  19:24   0:00   3:25 
Sean Bergenheim          0  0  0   0  0   1  2  0  0  0  0/2    21:36   1:42   7:22 
Tuomo Ruutu              0  1  1   0  2   1  4  0  0  0  0/0    20:34   1:42   1:42 
Tyler Toffoli            0  0  0   0  0   3  0  0  0  0  2/3    15:24   0:00   0:00 
Ville Leino              0  0  0   0  0   0  0  0  0  0  3/6     4:55   0:00   0:00 

Players Stats for Oilers

Player Name              G  A  P  +/- PIM S  H  SB GA TA FO     MP     PP MP  PK MP  
------------------------------------------------------------------------------------
Aleksander Barkov        0  0  0   0  0   2  0  0  0  0  10/16  14:40   4:17   0:35 
Brian Campbell           0  0  0   0  0   0  0  1  0  0  0/0    26:01   6:52   2:19 
Brooks Laich             0  0  0   0  0   1  0  0  0  0  1/1     6:12   0:52   1:16 
Chad Ruhwedel            0  0  0  -1  0   1  0  1  0  0  0/0    11:53   0:00   0:00 
Charlie Coyle            0  1  1   0  0   2  4  0  0  0  0/1    22:12   5:53   0:00 
Dainius Zubrus           1  0  1  -1  0   2  0  1  0  0  13/22  20:31   7:10   0:15 
Dennis Wideman           1  1  2   0  0   3  0  3  0  0  0/0    22:06   5:27   1:27 
Drew Miller              0  0  0   0  0   2  1  0  0  0  0/0     4:19   0:00   0:15 
Jake Muzzin              0  0  0   0  2   1  1  2  0  0  0/0    21:50   5:27   1:12 
Justin Williams          0  1  1   0  0   1  2  0  0  0  1/4    18:16   6:26   2:24 
Marc Methot              0  0  0   0  0   1  0  1  0  0  0/0    23:33   6:52   2:19 
Martin Marincin          0  0  0   0  0   0  0  0  0  0  0/0     2:43   0:00   0:15 
Mats Zuccarello          0  1  1  -1  0   6  5  0  0  0  3/6    23:44   5:34   0:00 
Mikkel Boedker           0  0  0  -1  0   1  0  0  0  0  0/1    19:59   5:53   0:00 
Nikita Kucherov          0  0  0   0  0   1  0  0  0  0  1/2    16:19   0:00   0:00 
Nikolai Kulemin          0  0  0   0  4   1  1  0  0  0  1/2    10:57   0:52   0:41 
Olli Maatta              0  0  0  -1  0   2  1  1  0  0  0/0    11:53   0:00   0:00 
Travis Zajac             0  0  0   0  0   2  0  0  0  0  13/25  19:03   0:00   2:06 

3 Stars

1 - Loui Eriksson (DET)
2 - Dennis Wideman (EDM)
3 - Jake Gardiner (DET)

Power Play

RedWings - 2 on 3 Attempt(s) - 66.67%
Oilers - 2 on 8 Attempt(s) - 25.00%

Penalty Kill

RedWings - 6 on 8 Attempt(s) - 75.00% - Score 0 goal in Penalty Kill
Oilers - 1 on 3 Attempt(s) - 33.33% - Score 0 goal in Penalty Kill

Official

Referees : Dave Jackson and Ghislain Hebert
Linesman : Bryan Pancich and Mike Cvik

Game Notes

No Game Note

Finance

Level 1 -- Attendance: 5741 (88.32%) -- Ticket Income $487,985
Level 2 -- Attendance: 4850 (97.00%) -- Ticket Income $358,900
Level 3 -- Attendance: 2067 (59.06%) -- Ticket Income $146,757
Level 4 -- Attendance: 839 (100.00%) -- Ticket Income $58,730
Luxury Box -- Attendance: 869 (86.90%) -- Ticket Income $191,180
Game was played at the Rexall Place
Total Attendance: 14366 (85.31%)
Total Ticket Income: $1,243,552
Other Income: $186,533
Total Income: $1,430,085

% Time on Ice - RedWings

Lines # - Real PCT - Wanted PCT - Time Play
Normal Forward
1 - 36% - 45% - 15:37
2 - 28% - 35% - 11:54
3 - 24% - 15% - 10:29
4 - 11% - 5% - 4:55
Normal Defense
1 - 37% - 40% - 15:52
2 - 17% - 30% - 7:29
3 - 27% - 20% - 11:44
4 - 18% - 10% - 7:50
PP Forward
1 - 55% - 60% - 2:04
2 - 45% - 40% - 1:42
PP Defense
1 - 53% - 60% - 1:59
2 - 47% - 40% - 1:47
PK Forward
1 - 68% - 60% - 7:12
2 - 32% - 40% - 3:25
PK Defense
1 - 56% - 60% - 5:57
2 - 44% - 40% - 4:40
PK3 Forward
1 - 78% - 60% - 1:20
2 - 22% - 40% - 0:22
PK3 Defense
1 - 63% - 60% - 1:04
2 - 37% - 40% - 0:38
44 Forward
1 - 0% - 60%
2 - 0% - 40%
44 Defense
1 - 0% - 60%
2 - 0% - 40%
Last Minute Offensive  - 0:00
Last Minute Defensive  - 1:00
Total
Forward - 60:00
Defense - 60:00

% Time on Ice - Oilers

Lines # - Real PCT - Wanted PCT - Time Play
Normal Forward
1 - 31% - 34% - 13:06
2 - 38% - 34% - 16:19
3 - 22% - 22% - 9:26
4 - 9% - 10% - 4:04
Normal Defense
1 - 32% - 40% - 13:44
2 - 35% - 30% - 15:12
3 - 27% - 20% - 11:31
4 - 6% - 10% - 2:28
PP Forward
1 - 52% - 60% - 6:26
2 - 48% - 40% - 5:53
PP Defense
1 - 56% - 60% - 6:52
2 - 44% - 40% - 5:27
PK Forward
1 - 93% - 60% - 3:31
2 - 7% - 40% - 0:15
PK Defense
1 - 62% - 60% - 2:19
2 - 38% - 40% - 1:27
PK3 Forward
1 - 0% - 60%
2 - 0% - 40%
PK3 Defense
1 - 0% - 60%
2 - 0% - 40%
44 Forward
1 - 0% - 60%
2 - 0% - 40%
44 Defense
1 - 0% - 60%
2 - 0% - 40%
Last Minute Offensive  - 1:00
Last Minute Defensive  - 0:00
Total
Forward - 60:00
Defense - 60:00

Play by Play

1st period


0:01 of 1st period - Sam Gagner wins face-off versus Dainius Zubrus in neutral zone.
0:16 of 1st period - Shot by Ondrej Palat.
0:16 of 1st period - Shot Blocked by Dainius Zubrus.
0:18 of 1st period - Shot by Eric Brewer.
0:18 of 1st period - Shot Misses the Net.
0:20 of 1st period - Shot by Ondrej Palat.
0:20 of 1st period - Shot Misses the Net.
0:34 of 1st period - Shot by Loui Eriksson.
0:34 of 1st period - Shot Misses the Net.
0:53 of 1st period - Dainius Zubrus is hit by Mark Fraser and loses puck.
1:14 of 1st period - Shot by Tuomo Ruutu.
1:14 of 1st period - Stopped by Kari Lehtonen with a rebound.
2:01 of 1st period - Icing by Dennis Wideman.
2:02 of 1st period - Sam Gagner wins face-off versus Travis Zajac in Oilers zone.
2:30 of 1st period - Shot by Loui Eriksson.
2:30 of 1st period - Stopped by Kari Lehtonen with a rebound.
2:32 of 1st period - Shot by Ondrej Palat.
2:32 of 1st period - Shot Misses the Net.
2:34 of 1st period - Shot by Ondrej Palat.
2:34 of 1st period - Stopped by Kari Lehtonen without a rebound.
2:35 of 1st period - Aleksander Barkov wins face-off versus Mark Arcobello in Oilers zone.
2:51 of 1st period - Shot by Tyler Toffoli.
2:51 of 1st period - Stopped by Kari Lehtonen without a rebound.
2:52 of 1st period - Aleksander Barkov wins face-off versus Joe Thornton in Oilers zone.
2:59 of 1st period - Shot by Aleksander Barkov.
2:59 of 1st period - Shot Misses the Net.
3:01 of 1st period - Shot by Olli Maatta.
3:01 of 1st period - Stopped by Roberto Luongo without a rebound.
3:02 of 1st period - Ville Leino wins face-off versus Travis Zajac in RedWings zone.
3:02 of 1st period - Ville Leino is hit by Charlie Coyle.
3:05 of 1st period - Icing by Eric Brewer.
3:06 of 1st period - Nikolai Kulemin wins face-off versus Ville Leino in RedWings zone.
3:30 of 1st period - Eric Brewer is hit by Nikolai Kulemin and loses puck.
3:38 of 1st period - Icing by Tuomo Ruutu.
3:39 of 1st period - Tyler Toffoli wins face-off versus Mats Zuccarello in RedWings zone.
4:02 of 1st period - Shot by Brooks Laich.
4:02 of 1st period - Shot Hit the Post.
4:04 of 1st period - Shot by Brian Campbell.
4:04 of 1st period - Shot Blocked by Jake Gardiner.
4:06 of 1st period - Shot by Brian Campbell.
4:06 of 1st period - Shot Misses the Net.
4:08 of 1st period - Shot by Brooks Laich.
4:08 of 1st period - Stopped by Roberto Luongo without a rebound.
4:09 of 1st period - Travis Zajac wins face-off versus Sam Gagner in RedWings zone.
4:10 of 1st period - Shot by Charlie Coyle.
4:10 of 1st period - Stopped by Roberto Luongo without a rebound.
4:11 of 1st period - Travis Zajac wins face-off versus Sam Gagner in RedWings zone.
4:15 of 1st period - Icing by Ondrej Palat.
4:16 of 1st period - Sam Gagner wins face-off versus Travis Zajac in RedWings zone.
5:43 of 1st period - Nikolai Kulemin is hit by Tuomo Ruutu and loses puck.
5:57 of 1st period - Justin Williams is hit by Eric Brewer and loses puck.
7:02 of 1st period - Ondrej Palat is hit by Olli Maatta and loses puck.
7:05 of 1st period - Shot by Ondrej Palat.
7:05 of 1st period - Shot Misses the Net.
7:07 of 1st period - Shot by Loui Eriksson.
7:07 of 1st period - Goal by Loui Eriksson - RedWings : 1 - Oilers : 0.
7:08 of 1st period - Nikita Kucherov wins face-off versus Sam Gagner in neutral zone.
7:34 of 1st period - Icing by Sam Gagner.
7:35 of 1st period - Sam Gagner wins face-off versus Aleksander Barkov in RedWings zone.
7:44 of 1st period - Shot by Aleksander Barkov.
7:44 of 1st period - Stopped by Roberto Luongo with a rebound.
7:57 of 1st period - Icing by Brian Campbell.
7:58 of 1st period - Justin Williams wins face-off versus Joe Thornton in Oilers zone.
8:15 of 1st period - Eric Brewer is hit by Justin Williams and loses puck.
8:42 of 1st period - Shot by Travis Zajac.
8:42 of 1st period - Shot Misses the Net.
9:39 of 1st period - Shot by Alexandre Burrows.
9:39 of 1st period - Shot Misses the Net.
9:43 of 1st period - Shot by Paul Martin.
9:43 of 1st period - Shot Misses the Net.
9:45 of 1st period - Shot by Tyler Toffoli.
9:45 of 1st period - Stopped by Kari Lehtonen with a rebound.
9:47 of 1st period - Shot by Hal Gill.
9:47 of 1st period - Stopped by Kari Lehtonen without a rebound.
9:48 of 1st period - Dainius Zubrus wins face-off versus Ondrej Palat in Oilers zone.
9:48 of 1st period - Mats Zuccarello is hit by Ondrej Palat and loses puck.
9:59 of 1st period - Shot by Loui Eriksson.
9:59 of 1st period - Shot Misses the Net.
10:01 of 1st period - Shot by Loui Eriksson.
10:01 of 1st period - Stopped by Kari Lehtonen without a rebound.
10:02 of 1st period - Aleksander Barkov wins face-off versus Sam Gagner in Oilers zone.
10:02 of 1st period - Aleksander Barkov is hit by Ondrej Palat.
10:25 of 1st period - Minor Penalty to Nikolai Kulemin for Tripping.
10:26 of 1st period - Travis Zajac wins face-off versus Mark Arcobello in Oilers zone.
10:51 of 1st period - Shot by Jake Gardiner.
10:51 of 1st period - Shot Blocked by Brian Campbell.
10:53 of 1st period - Shot by Paul Martin.
10:53 of 1st period - Stopped by Kari Lehtonen without a rebound.
10:54 of 1st period - Travis Zajac wins face-off versus Joe Thornton in Oilers zone.
10:54 of 1st period - Travis Zajac is hit by Alexandre Burrows.
11:14 of 1st period - Shot by Loui Eriksson.
11:14 of 1st period - Stopped by Kari Lehtonen with a rebound.
11:16 of 1st period - Shot by Alexandre Burrows.
11:16 of 1st period - Goal by Alexandre Burrows - RedWings : 2 - Oilers : 0.
11:17 of 1st period - Ville Leino wins face-off versus Dainius Zubrus in neutral zone.
11:47 of 1st period - Minor Penalty to Tuomo Ruutu for Hooking.
11:48 of 1st period - Joe Thornton wins face-off versus Dainius Zubrus in RedWings zone.
12:04 of 1st period - Minor Penalty to Mark Fraser for Hooking.
12:05 of 1st period - Dainius Zubrus wins face-off versus Loui Eriksson in RedWings zone.
12:20 of 1st period - Shot by Mikkel Boedker.
12:20 of 1st period - Shot Blocked by Paul Martin.
12:25 of 1st period - Shot by Mikkel Boedker.
12:25 of 1st period - Stopped by Roberto Luongo without a rebound.
12:26 of 1st period - Loui Eriksson wins face-off versus Dainius Zubrus in RedWings zone.
12:53 of 1st period - Shot by Mats Zuccarello.
12:53 of 1st period - Stopped by Roberto Luongo without a rebound.
12:54 of 1st period - Aleksander Barkov wins face-off versus Loui Eriksson in RedWings zone.
13:32 of 1st period - Off-side.
13:33 of 1st period - Dainius Zubrus wins face-off versus Sean Bergenheim in neutral zone.
13:36 of 1st period - Shot by Jake Muzzin.
13:36 of 1st period - Stopped by Roberto Luongo without a rebound.
13:37 of 1st period - Loui Eriksson wins face-off versus Dainius Zubrus in RedWings zone.
13:58 of 1st period - Shot by Mats Zuccarello.
13:58 of 1st period - Stopped by Roberto Luongo without a rebound.
13:59 of 1st period - Dainius Zubrus wins face-off versus Joe Thornton in RedWings zone.
14:17 of 1st period - Shot by Travis Zajac.
14:17 of 1st period - Stopped by Roberto Luongo without a rebound.
14:18 of 1st period - Mats Zuccarello wins face-off versus Sam Gagner in RedWings zone.
14:27 of 1st period - Shot by Loui Eriksson.
14:27 of 1st period - Stopped by Kari Lehtonen without a rebound.
14:28 of 1st period - Travis Zajac wins face-off versus Joe Thornton in Oilers zone.
14:28 of 1st period - Travis Zajac is hit by Tuomo Ruutu.
15:03 of 1st period - Travis Zajac is hit by Mark Fraser and loses puck.
15:27 of 1st period - Mikkel Boedker is hit by Mark Fraser and loses puck.
15:30 of 1st period - Shot by Dainius Zubrus.
15:30 of 1st period - Shot Misses the Net.
16:25 of 1st period - Icing by Olli Maatta.
16:26 of 1st period - Aleksander Barkov wins face-off versus Mark Arcobello in Oilers zone.
16:40 of 1st period - Icing by Tyler Toffoli.
16:41 of 1st period - Travis Zajac wins face-off versus Mark Arcobello in RedWings zone.
17:10 of 1st period - Travis Zajac is hit by Mark Arcobello and loses puck.
18:02 of 1st period - Icing by Hal Gill.
18:03 of 1st period - Sam Gagner wins face-off versus Mikkel Boedker in RedWings zone.
18:42 of 1st period - Joe Thornton is hit by Mats Zuccarello.
18:43 of 1st period - Icing by Joe Thornton.
18:44 of 1st period - Joe Thornton wins face-off versus Travis Zajac in RedWings zone.
18:44 of 1st period - Joe Thornton is hit by Charlie Coyle.
18:59 of 1st period - Icing by Charlie Coyle.
19:00 of 1st period - Travis Zajac wins face-off versus Mark Arcobello in Oilers zone.
19:48 of 1st period - Eric Brewer is hit by Mats Zuccarello and loses puck.
Goals for this period are 2 for RedWings vs 0 for Oilers.
Shots for this period are 12 for RedWings vs 9 for Oilers.

2nd period


0:01 of 2nd period - Mats Zuccarello wins face-off versus Sam Gagner in neutral zone.
0:11 of 2nd period - Shot by Drew Miller.
0:11 of 2nd period - Stopped by Roberto Luongo without a rebound.
0:12 of 2nd period - Joe Thornton wins face-off versus Travis Zajac in RedWings zone.
0:36 of 2nd period - Icing by Dennis Wideman.
0:37 of 2nd period - Sam Gagner wins face-off versus Travis Zajac in Oilers zone.
2:33 of 2nd period - Shot by Nikolai Kulemin.
2:33 of 2nd period - Stopped by Roberto Luongo with a rebound.
2:35 of 2nd period - Shot by Chad Ruhwedel.
2:35 of 2nd period - Stopped by Roberto Luongo without a rebound.
2:36 of 2nd period - Tyler Toffoli wins face-off versus Travis Zajac in RedWings zone.
2:36 of 2nd period - Mark Arcobello is hit by Charlie Coyle and loses puck.
2:48 of 2nd period - Charlie Coyle is hit by Paul Martin and loses puck.
3:16 of 2nd period - Alexandre Burrows is hit by Jake Muzzin and loses puck.
3:51 of 2nd period - Shot by Aleksander Barkov.
3:51 of 2nd period - Deflect By Justin Williams.
3:51 of 2nd period - Stopped by Roberto Luongo without a rebound.
3:52 of 2nd period - Dainius Zubrus wins face-off versus Sam Gagner in RedWings zone.
3:55 of 2nd period - Shot by Dainius Zubrus.
3:55 of 2nd period - Stopped by Roberto Luongo without a rebound.
3:56 of 2nd period - Sam Gagner wins face-off versus Dainius Zubrus in RedWings zone.
4:58 of 2nd period - Minor Penalty to Mark Fraser for Holding.
4:59 of 2nd period - Dainius Zubrus wins face-off versus Joe Thornton in RedWings zone.
5:00 of 2nd period - Shot by Mats Zuccarello.
5:00 of 2nd period - Shot Misses the Net.
5:18 of 2nd period - Shot by Dennis Wideman.
5:18 of 2nd period - Shot Misses the Net.
5:26 of 2nd period - Shot by Paul Martin.
5:26 of 2nd period - Stopped by Kari Lehtonen with a rebound.
5:28 of 2nd period - Shot by Jake Gardiner.
5:28 of 2nd period - Shot Misses the Net.
5:30 of 2nd period - Shot by Joe Thornton.
5:30 of 2nd period - Deflect By Sean Bergenheim.
5:30 of 2nd period - Stopped by Kari Lehtonen without a rebound.
5:31 of 2nd period - Joe Thornton wins face-off versus Aleksander Barkov in Oilers zone.
5:40 of 2nd period - Shot by Marc Methot.
5:40 of 2nd period - Stopped by Roberto Luongo with a rebound.
6:06 of 2nd period - Shot by Aleksander Barkov.
6:06 of 2nd period - Shot Misses the Net.
6:28 of 2nd period - Shot by Dennis Wideman.
6:28 of 2nd period - Stopped by Roberto Luongo with a rebound.
6:42 of 2nd period - Shot by Dennis Wideman.
6:42 of 2nd period - Goal by Dennis Wideman - RedWings : 2 - Oilers : 1.
6:43 of 2nd period - Travis Zajac wins face-off versus Ville Leino in neutral zone.
7:02 of 2nd period - Shot by Nikita Kucherov.
7:02 of 2nd period - Stopped by Roberto Luongo with a rebound.
7:08 of 2nd period - Nikita Kucherov is hit by Tuomo Ruutu and loses puck.
7:23 of 2nd period - Shot by Tyler Toffoli.
7:23 of 2nd period - Shot Hit the Post.
7:36 of 2nd period - Icing by Chad Ruhwedel.
7:37 of 2nd period - Sam Gagner wins face-off versus Nikita Kucherov in Oilers zone.
8:43 of 2nd period - Shot by Dainius Zubrus.
8:43 of 2nd period - Shot Misses the Net.
8:51 of 2nd period - Shot by Mats Zuccarello.
8:51 of 2nd period - Stopped by Roberto Luongo without a rebound.
8:52 of 2nd period - Mark Arcobello wins face-off versus Aleksander Barkov in RedWings zone.
9:04 of 2nd period - Icing by Tyler Toffoli.
9:05 of 2nd period - Aleksander Barkov wins face-off versus Alexandre Burrows in RedWings zone.
9:20 of 2nd period - Shot by Tyler Toffoli.
9:20 of 2nd period - Shot Blocked by Dennis Wideman.
9:26 of 2nd period - Shot by Tyler Toffoli.
9:26 of 2nd period - Stopped by Kari Lehtonen without a rebound.
9:27 of 2nd period - Sam Gagner wins face-off versus Mats Zuccarello in Oilers zone.
9:30 of 2nd period - Shot by Loui Eriksson.
9:30 of 2nd period - Shot Misses the Net.
9:40 of 2nd period - Eric Brewer is hit by Mats Zuccarello and loses puck.
9:52 of 2nd period - Shot by Drew Miller.
9:52 of 2nd period - Shot Misses the Net.
10:43 of 2nd period - Icing by Tuomo Ruutu.
10:44 of 2nd period - Travis Zajac wins face-off versus Joe Thornton in RedWings zone.
10:59 of 2nd period - Off-side.
11:00 of 2nd period - Mark Arcobello wins face-off versus Aleksander Barkov in neutral zone.
11:11 of 2nd period - Jake Muzzin is hit by Alexandre Burrows and loses puck.
11:24 of 2nd period - Shot by Tyler Toffoli.
11:24 of 2nd period - Shot Misses the Net.
11:26 of 2nd period - Shot by Alexandre Burrows.
11:26 of 2nd period - Stopped by Kari Lehtonen without a rebound.
11:27 of 2nd period - Travis Zajac wins face-off versus Sam Gagner in Oilers zone.
11:35 of 2nd period - Off-side.
11:36 of 2nd period - Dainius Zubrus wins face-off versus Loui Eriksson in neutral zone.
11:36 of 2nd period - Mikkel Boedker is hit by Ondrej Palat and loses puck.
11:43 of 2nd period - Shot by Mats Zuccarello.
11:43 of 2nd period - Stopped by Roberto Luongo with a rebound.
11:58 of 2nd period - Minor Penalty to Eric Brewer for Hooking.
11:59 of 2nd period - Dainius Zubrus wins face-off versus Joe Thornton in RedWings zone.
12:02 of 2nd period - Shot by Dennis Wideman.
12:02 of 2nd period - Shot Misses the Net.
12:12 of 2nd period - Shot by Dennis Wideman.
12:12 of 2nd period - Shot Blocked by Mark Fraser.
13:27 of 2nd period - Shot by Sam Gagner.
13:27 of 2nd period - Shot Blocked by Marc Methot.
14:07 of 2nd period - Icing by Hal Gill.
14:08 of 2nd period - Ville Leino wins face-off versus Mats Zuccarello in RedWings zone.
14:08 of 2nd period - Tuomo Ruutu is hit by Mats Zuccarello and loses puck.
14:27 of 2nd period - Shot by Ville Leino.
14:27 of 2nd period - Shot Blocked by Olli Maatta.
14:29 of 2nd period - Shot by Tyler Toffoli.
14:29 of 2nd period - Shot Misses the Net.
14:31 of 2nd period - Shot by Paul Martin.
14:31 of 2nd period - Shot Misses the Net.
14:33 of 2nd period - Shot by Hal Gill.
14:33 of 2nd period - Stopped by Kari Lehtonen without a rebound.
14:34 of 2nd period - Sam Gagner wins face-off versus Travis Zajac in Oilers zone.
14:37 of 2nd period - Shot by Ondrej Palat.
14:37 of 2nd period - Shot Blocked by Jake Muzzin.
15:34 of 2nd period - Icing by Dennis Wideman.
15:35 of 2nd period - Joe Thornton wins face-off versus Travis Zajac in Oilers zone.
15:43 of 2nd period - Icing by Jake Muzzin.
15:44 of 2nd period - Joe Thornton wins face-off versus Travis Zajac in Oilers zone.
16:21 of 2nd period - Shot by Mats Zuccarello.
16:21 of 2nd period - Stopped by Roberto Luongo with a rebound.
17:32 of 2nd period - Shot by Chad Ruhwedel.
17:32 of 2nd period - Shot Misses the Net.
17:57 of 2nd period - Icing by Mark Arcobello.
17:58 of 2nd period - Mats Zuccarello wins face-off versus Tyler Toffoli in RedWings zone.
18:06 of 2nd period - Minor Penalty to Alexandre Burrows for Tripping.
18:07 of 2nd period - Dainius Zubrus wins face-off versus Joe Thornton in RedWings zone.
18:12 of 2nd period - Shot by Brian Campbell.
18:12 of 2nd period - Shot Blocked by Eric Brewer.
19:17 of 2nd period - Shot by Dennis Wideman.
19:17 of 2nd period - Stopped by Roberto Luongo without a rebound.
19:18 of 2nd period - Joe Thornton wins face-off versus Dainius Zubrus in RedWings zone.
19:43 of 2nd period - Shot by Dennis Wideman.
19:43 of 2nd period - Shot Misses the Net.
19:45 of 2nd period - Shot by Mats Zuccarello.
19:45 of 2nd period - Stopped by Roberto Luongo without a rebound.
19:46 of 2nd period - Aleksander Barkov wins face-off versus Joe Thornton in RedWings zone.
19:55 of 2nd period - Shot by Mikkel Boedker.
19:55 of 2nd period - Deflect By Aleksander Barkov.
19:55 of 2nd period - Shot Blocked by Joe Thornton.
Goals for this period are 0 for RedWings vs 1 for Oilers.
Shots for this period are 5 for RedWings vs 14 for Oilers.

3rd period


0:01 of 3rd period - Dainius Zubrus wins face-off versus Sean Bergenheim in neutral zone.
0:25 of 3rd period - Shot by Ondrej Palat.
0:25 of 3rd period - Deflect By Loui Eriksson.
0:25 of 3rd period - Shot Blocked by Dennis Wideman.
1:36 of 3rd period - Icing by Brian Campbell.
1:37 of 3rd period - Alexandre Burrows wins face-off versus Dainius Zubrus in Oilers zone.
1:43 of 3rd period - Mats Zuccarello is hit by Alexandre Burrows and loses puck.
1:45 of 3rd period - Minor Penalty to Alexandre Burrows for Hooking.
1:46 of 3rd period - Joe Thornton wins face-off versus Dainius Zubrus in RedWings zone.
1:52 of 3rd period - Icing by Justin Williams.
1:53 of 3rd period - Joe Thornton wins face-off versus Justin Williams in Oilers zone.
2:27 of 3rd period - Mats Zuccarello is hit by Tuomo Ruutu and loses puck.
3:44 of 3rd period - Shot by Marc Methot.
3:44 of 3rd period - Shot Misses the Net.
4:17 of 3rd period - Shot by Olli Maatta.
4:17 of 3rd period - Shot Misses the Net.
4:19 of 3rd period - Shot by Drew Miller.
4:19 of 3rd period - Stopped by Roberto Luongo without a rebound.
4:20 of 3rd period - Sam Gagner wins face-off versus Charlie Coyle in RedWings zone.
4:25 of 3rd period - Shot by Charlie Coyle.
4:25 of 3rd period - Stopped by Roberto Luongo without a rebound.
4:26 of 3rd period - Aleksander Barkov wins face-off versus Sam Gagner in RedWings zone.
4:35 of 3rd period - Shot by Aleksander Barkov.
4:35 of 3rd period - Deflect By Justin Williams.
4:35 of 3rd period - Shot Blocked by Jake Gardiner.
4:58 of 3rd period - Minor Penalty to Ondrej Palat for High sticking.
4:59 of 3rd period - Dainius Zubrus wins face-off versus Joe Thornton in RedWings zone.
5:00 of 3rd period - Shot by Dennis Wideman.
5:00 of 3rd period - Shot Misses the Net.
5:19 of 3rd period - Shot by Dennis Wideman.
5:19 of 3rd period - Shot Misses the Net.
5:21 of 3rd period - Shot by Dainius Zubrus.
5:21 of 3rd period - Goal by Dainius Zubrus - RedWings : 2 - Oilers : 2.
5:22 of 3rd period - Brooks Laich wins face-off versus Ville Leino in neutral zone.
5:52 of 3rd period - Shot by Tuomo Ruutu.
5:52 of 3rd period - Shot Misses the Net.
6:42 of 3rd period - Shot by Jake Gardiner.
6:42 of 3rd period - Stopped by Kari Lehtonen without a rebound.
6:43 of 3rd period - Aleksander Barkov wins face-off versus Joe Thornton in Oilers zone.
6:43 of 3rd period - Aleksander Barkov is hit by Sean Bergenheim.
6:46 of 3rd period - Olli Maatta is hit by Sean Bergenheim and loses puck.
7:01 of 3rd period - Shot by Kevin Connauton.
7:01 of 3rd period - Stopped by Kari Lehtonen with a rebound.
7:09 of 3rd period - Shot by Sean Bergenheim.
7:09 of 3rd period - Shot Blocked by Chad Ruhwedel.
7:11 of 3rd period - Shot by Kevin Connauton.
7:11 of 3rd period - Stopped by Kari Lehtonen without a rebound.
7:12 of 3rd period - Travis Zajac wins face-off versus Sam Gagner in Oilers zone.
7:25 of 3rd period - Shot by Loui Eriksson.
7:25 of 3rd period - Stopped by Kari Lehtonen without a rebound.
7:26 of 3rd period - Dainius Zubrus wins face-off versus Mark Arcobello in Oilers zone.
8:28 of 3rd period - Minor Penalty to Ondrej Palat for Boarding.
8:29 of 3rd period - Joe Thornton wins face-off versus Justin Williams in RedWings zone.
9:44 of 3rd period - Icing by Brian Campbell.
9:45 of 3rd period - Joe Thornton wins face-off versus Nikolai Kulemin in Oilers zone.
11:42 of 3rd period - Shot by Ondrej Palat.
11:42 of 3rd period - Shot Misses the Net.
12:08 of 3rd period - Minor Penalty to Jake Muzzin for Boarding.
12:09 of 3rd period - Alexandre Burrows wins face-off versus Justin Williams in Oilers zone.
13:00 of 3rd period - Mark Arcobello is hit by Drew Miller.
13:04 of 3rd period - Shot by Jake Gardiner.
13:04 of 3rd period - Goal by Jake Gardiner - RedWings : 3 - Oilers : 2.
13:05 of 3rd period - Dainius Zubrus wins face-off versus Mark Arcobello in neutral zone.
13:07 of 3rd period - Mats Zuccarello is hit by Hal Gill.
13:13 of 3rd period - Shot by Mikkel Boedker.
13:13 of 3rd period - Shot Blocked by Paul Martin.
14:30 of 3rd period - Jake Muzzin is hit by Ondrej Palat and loses puck.
14:37 of 3rd period - Shot by Loui Eriksson.
14:37 of 3rd period - Shot Misses the Net.
14:41 of 3rd period - Shot by Loui Eriksson.
14:41 of 3rd period - Shot Misses the Net.
14:43 of 3rd period - Shot by Ondrej Palat.
14:43 of 3rd period - Shot Misses the Net.
14:45 of 3rd period - Shot by Loui Eriksson.
14:45 of 3rd period - Shot Blocked by Jake Muzzin.
14:47 of 3rd period - Shot by Ondrej Palat.
14:47 of 3rd period - Shot Blocked by Dennis Wideman.
15:30 of 3rd period - Icing by Tyler Toffoli.
15:31 of 3rd period - Mark Arcobello wins face-off versus Aleksander Barkov in RedWings zone.
15:38 of 3rd period - Olli Maatta is hit by Alexandre Burrows and loses puck.
15:58 of 3rd period - Shot by Justin Williams.
15:58 of 3rd period - Shot Blocked by Paul Martin.
16:02 of 3rd period - Shot by Aleksander Barkov.
16:02 of 3rd period - Shot Misses the Net.
16:04 of 3rd period - Shot by Olli Maatta.
16:04 of 3rd period - Stopped by Roberto Luongo with a rebound.
16:10 of 3rd period - Shot by Aleksander Barkov.
16:10 of 3rd period - Stopped by Roberto Luongo without a rebound.
16:11 of 3rd period - Joe Thornton wins face-off versus Travis Zajac in RedWings zone.
16:11 of 3rd period - Joe Thornton is hit by Charlie Coyle.
16:52 of 3rd period - Shot by Travis Zajac.
16:52 of 3rd period - Stopped by Roberto Luongo without a rebound.
16:53 of 3rd period - Aleksander Barkov wins face-off versus Sam Gagner in RedWings zone.
16:55 of 3rd period - Minor Penalty to Nikolai Kulemin for High sticking.
16:56 of 3rd period - Travis Zajac wins face-off versus Joe Thornton in Oilers zone.
18:03 of 3rd period - Icing by Mark Fraser.
18:04 of 3rd period - Mark Arcobello wins face-off versus Travis Zajac in RedWings zone.
18:04 of 3rd period - Mark Arcobello is hit by Justin Williams.
18:59 of 3rd period - Off-side.
19:00 of 3rd period - Travis Zajac wins face-off versus Mark Arcobello in neutral zone.
19:07 of 3rd period - Sean Bergenheim is hit by Mats Zuccarello and loses puck.
19:27 of 3rd period - Shot by Alexandre Burrows.
19:27 of 3rd period - Shot Misses the Net.
19:29 of 3rd period - Shot by Eric Brewer.
19:29 of 3rd period - Shot Misses the Net.
19:31 of 3rd period - Shot by Sean Bergenheim.
19:31 of 3rd period - Shot Misses the Net.
19:33 of 3rd period - Shot by Eric Brewer.
19:33 of 3rd period - Shot Misses the Net.
19:35 of 3rd period - Shot by Eric Brewer.
19:35 of 3rd period - Deflect By Alexandre Burrows.
19:35 of 3rd period - Shot Misses the Net.
19:37 of 3rd period - Shot by Paul Martin.
19:37 of 3rd period - Stopped by Kari Lehtonen without a rebound.
19:38 of 3rd period - Loui Eriksson wins face-off versus Aleksander Barkov in Oilers zone.
19:45 of 3rd period - Shot by Tuomo Ruutu.
19:45 of 3rd period - Shot Misses the Net.
Goals for this period are 1 for RedWings vs 1 for Oilers.
Shots for this period are 6 for RedWings vs 6 for Oilers.


Output by the SimonT Hockey Simulator (STHS) for Stephane Roy -- Original Page W3C XHTML 1.0 Valid
Hockey Simulator - Hockey Simulation - Hockey Manager